 Dungeon Crawl Stone Soup version bcrawl-1.38.1 (webtiles) character file.

Game seed: 5851140421151484658

14700552 Artagas the Eclecticist (level 27, 177/177 HPs)
             Began as an Oni Conjurer on Apr 9, 2023.
             Was the Champion of Cheibriados.
             Escaped with the Orb
             ... and 3 runes on Apr 13, 2023!
             The game lasted 04:47:55 (66471 turns).

Artagas the Eclecticist (Oni Conjurer)             Turns: 66471, Time: 04:47:55

Health: 177/177    AC: 37    Str: 33    XL:     27
Magic:  48/53      EV: 28    Int: 40    God:    Cheibriados [******]
Gold:   490        SH: 18    Dex: 28    Spells: 7/66 levels left

rFire    + . .     GDR:     46% R - +7 demon trident "Rumishoz" {elec, *Noise +Rage rF+ Stlth+}
rCold    + . .     SeeInvis +   H - +1 medium shield {AC+3}
rNeg     + . .     Gourm    .   L - +7 storm dragon scales
rPois    .         Faith    .   E - +2 hat {MR+}
rElec    +         Spirit   .   i - scarf of Tyimimnu {repulsion, rC+ Int+4}
rCorr    .         Reflect  .   u - +2 pair of gloves {Str+3}
MR       ++++.     Clarity  +   a - +1 pair of boots
Stlth    +.........             I - amulet of magic regeneration
HPRegen  0.39/turn              j - ring of Raomyz {+Blink rN+ MP+9 SInv}
MPRegen  0.89/turn              m - ring of protection from magic

@: repel missiles, very slow
A: oni magic, claws 1, fangs 1, horns 1, repulsion field 1, molten scales 1, low
mp 1, weak 2, MP-powered wands
0: Orb of Zot
}: 3/15 runes: serpentine, slimy, gossamer
a: Bend Time, Defer, Temporal Distortion, Step From Time, Renounce Religion,
Evoke Blink, Evoke Berserk Rage


You escaped.
You worshipped Cheibriados.
Cheibriados was exalted by your worship.
You were not hungry.

You visited 11 branches of the dungeon, and saw 46 of its levels.
You also visited: Sewer, Bailey and Ice Cave.

You collected 6241 gold pieces.
You spent 5751 gold pieces at shops.

Inventory:

Hand Weapons
 R - the +7 demon trident "Rumishoz" (weapon) {elec, *Noise +Rage rF+ Stlth+}
   (You took it off a gelid demonspawn in an ice cave)

   Occasionally, upon striking a foe, it will discharge some electrical energy
   and cause terrible harm.
   It protects you from fire.
   It lets you go berserk.
   It may make noises in combat.
   It makes you more stealthy.
Missiles
 h - 79 javelins of penetration (quivered) {=f}
Armour
 a - a +1 pair of boots (worn)
   (You found it on level 2 of the Elven Halls)
 i - the scarf of Tyimimnu (worn) {repulsion, rC+ Int+4}
   (You acquired it in the Orcish Mines)

   It affects your intelligence (+4).
   It protects you from cold.
 u - a +2 pair of gloves of strength (worn)
   (You bought it in a shop on level 1 of the Vaults)
 E - a +2 hat of magic resistance (worn)
   (You took it off Gastronok on level 9 of the Dungeon)
 H - a +1 medium shield of protection (worn)
   (You bought it in a shop on level 2 of the Elven Halls)
 L - +7 storm dragon scales (worn)
   (You found it on level 2 of the Vaults)
Jewellery
 f - an uncursed ring of protection from fire
   (You found it on level 2 of the Dungeon)
 j - the ring of Raomyz (left hand) {+Blink rN+ MP+9 SInv}
   (You bought it in a shop on level 1 of the Elven Halls)

   [ring of magical power]

   It protects you from negative energy.
   It affects your magic capacity (+9).
   It lets you see invisible.
   It lets you blink.
 k - the cursed amulet "Tirphuaw" {Inacc +Inv rElec Dex-4}
   (You bought it in a shop on level 2 of the Elven Halls)

   [amulet of inaccuracy]

   It reduces the accuracy of all your attacks.
   It affects your dexterity (-4).
   It insulates you from electricity.
   It lets you turn invisible.
   It has a curse placed upon it.
 m - a ring of protection from magic (right hand)
   (You found it on level 5 of the Pits of Slime)
 p - a +4 ring of protection
   (You took it off a deep elf death mage on level 3 of the Elven Halls)
 G - a ring of the Octopus King {AC+1 EV+1 Str+1 Int+1 Dex+1 SInv}
   (You found it on level 1 of the Spider Nest)

   [ring of see invisible]

   It affects your AC (+1).
   It affects your evasion (+1).
   It affects your strength (+1).
   It affects your intelligence (+1).
   It affects your dexterity (+1).
   It lets you see invisible.
 I - an amulet of magic regeneration (around neck)
   (You bought it in a shop on level 1 of the Elven Halls)
 J - an uncursed ring of wizardry {pickup}
   (You found it on level 5 of the Pits of Slime)
 T - the cursed amulet "Toiddysm" {Inacc Fragile rElec MR+++ Stlth+}
   (You found it on level 3 of the Elven Halls)

   [amulet of inaccuracy]

   It reduces the accuracy of all your attacks.
   It insulates you from electricity.
   It affects your resistance to hostile enchantments.
   It will be destroyed if unequipped.
   It makes you more stealthy.
   It has a curse placed upon it.
Wands
 b - a wand of iceblast (27)
   (You took it off a naga warrior on level 3 of the Snake Pit)
 v - a wand of digging (7)
   (You bought it in a shop on level 8 of the Dungeon)
 y - a wand of scattershot (6)
   (You found it on level 11 of the Dungeon)
 M - a wand of paralysis (8)
   (You found it on level 2 of the Snake Pit)
 N - a wand of acid (26)
   (You bought it in a shop on level 8 of the Dungeon)
 O - a wand of clouds (11)
   (You bought it in a shop on level 8 of the Dungeon)
 U - a wand of charming (34)
   (You found it on level 2 of the Spider Nest)
Scrolls
 r - 5 scrolls of summoning
 t - 12 scrolls of teleportation
 z - 5 scrolls of blinking
 A - 3 scrolls of immolation
 F - 11 scrolls of fear
 S - 3 scrolls of noise
 V - 4 scrolls of vulnerability
 Y - a scroll of magic mapping
 Z - a scroll of fog
Potions
 c - a potion of ambrosia
 d - 3 potions of might
 g - 4 potions of lignification
 l - 2 potions of magic
 n - 5 potions of resistance
 q - 9 potions of curing
 s - 4 potions of agility
 w - 4 potions of heal wounds
 x - 7 potions of cancellation
 B - 4 potions of brilliance
 D - 5 potions of mutation
 W - 5 potions of flight
Miscellaneous
 K - a sack of spiders
   (You found it on level 3 of the Elven Halls)
 Q - a lamp of fire
   (You found it on level 1 of the Snake Pit)
 X - 4 phantom mirrors
Comestibles
 e - 24 rations {!d}


   Skills:
 - Level 18.0 Fighting
 - Level 14.0 Polearms
 + Level 16.1 Armour
 + Level 15.2 Dodging
 - Level 4.4 Stealth
 + Level 15.2 Shields
 - Level 20.0 Spellcasting
   Level 20.0 Conjurations
   Level 20.0 Hexes
   Level 20.0 Charms
   Level 20.0 Summonings
   Level 20.0 Necromancy
   Level 20.0 Translocations
   Level 20.0 Transmutations
   Level 20.0 Fire Magic
   Level 20.0 Ice Magic
   Level 20.0 Air Magic
   Level 20.0 Earth Magic
   Level 20.0 Poison Magic
 - Level 13.0 Invocations
 - Level 13.0 Evocations


You had 7 spell levels left.
You knew the following spells:

 Your Spells              Type           Power        Failure   Level  Hunger
a - Summon Lightning Spi  Summ/Air       ########     1%          5    None
b - Spellforged Servitor  Conj/Summ      ########..   1%          7    #......
c - Fireball              Conj/Fire      ########..   1%          5    None
d - Lee's Rapid Deconstr  Erth           ########..   0%          5    None
e - Fulminant Prism       Conj/Hex       ########..   0%          4    None
f - Regeneration          Chrm/Necr      ########..   0%          3    None
g - Irradiate             Conj/Tmut      ########..   1%          5    None
h - Shadow Creatures      Summ           N/A          1%          7    #......
i - Blink                 Tloc           N/A          0%          2    None
j - Borgnjor's Revivific  Necr           ########..   2%          8    ####...
k - Chain Lightning       Conj/Air       ########..   9%          8    ####...

Your spell library contained the following spells:

 Spells                   Type           Power        Failure   Level  Hunger
 Magic Dart               Conj           ####         0%          1    None
 Searing Ray              Conj           ########     0%          2    None
 Iskenderun's Mystic Bla  Conj           ########     0%          3    None
 Teleport Other           Tloc           ########     0%          3    None
 Animate Dead             Necr           N/A          0%          4    None
 Deflect Missiles         Chrm/Air       ########..   1%          6    None
 Time Stop                Chrm/Tloc      N/A          9%          8    ####...


Dungeon Overview and Level Annotations

Branches:
Dungeon (12/12)            Temple (1/1) D:5            Lair (6/6) D:8
  Snake (3/3) Lair:2       Spider (3/3) Lair:4        Slime (5/5) Lair:6
    Orc (1/1) D:10            Elf (3/3) Orc          Vaults (2/3) D:12
  Crypt (0/2) Vaults:2     Depths (5/5) D:12            Zot (5/5) Depths:5

Altars:
Ashenzari
Cheibriados
Dithmenos
Fedhas
Gozag
Hepliaklqana
Kikubaaqudgha
Lugonu
Makhleb
Nemelex Xobeh
Okawaru
Qazlal
Ru
Sif Muna
Trog
Uskayaw
Vehumet
Wu Jian
Xom
Yredelemnul
Jiyva

Shops:
D:8 }   Orc :?([?   Elf:1 ==}(   Elf:2 [=%[   Vaults:1 ([   Vaults:2 :
Depths:4 *[[(

Portals:
Hell: Depths:1 Depths:2 Depths:3 Depths:4 Depths:5
Abyss: Depths:2 Depths:4 Depths:5
Pandemonium: Depths:3
Ziggurat: Depths:1

Annotations:
D:4 3 runed translucent doors, thalacas's ghost, amateur OpMA
D:5 Grinder
Snake:1 5 transporters
Snake:3 2 runed translucent doors, tronn's ghost, adept GnSk


Innate Abilities, Weirdness & Mutations

You learn spells by gaining experience, not through books or religion.
You only train spellcasting to practice magic.
You have sharp fingernails.
You have very sharp teeth.
You have a pair of small horns on your head.
You are surrounded by a mild repulsion field. (EV +2)
You are partially covered in molten scales. (AC +2)
Your magical capacity is low. (-10% MP)
You are very weak. (Str -4)
You expend magic power (3 MP) to strengthen your wands.


Message History

You bite the Orb Guardian, but do no damage.
The Orb Guardian is lightly wounded.
You hit the Orb Guardian.
You headbutt the Orb Guardian, but do no damage.
The Orb Guardian is moderately wounded.
The Orb Guardian misses you.
You miss the Orb Guardian.
You headbutt the Orb Guardian, but do no damage.
You bite the Orb Guardian, but do no damage.
The Orb Guardian is moderately wounded.
The Orb Guardian misses you.
You impale the Orb Guardian!!
Lightning courses through the Orb Guardian!
You headbutt the Orb Guardian, but do no damage.
The Orb Guardian is severely wounded.
You block the Orb Guardian's attack.
You impale the Orb Guardian!!
You kill the Orb Guardian!
Cheibriados thoroughly appreciates the change of pace.
No target in view!
(D) Dungeon (T) Temple (L) Lair (P) Snake Pit (N) Spider Nest (M) Slime Pits (O) Orcish Mines (E) Elven Halls (V) Vaults (C) Crypt (U) Depths (H) Hell (Z) Zot
Where to? (Enter - D:1 @ (x,y), ? - help)
What level of the Dungeon? (default 1, ? - help)
Okay, then.
Casting: Shadow Creatures (safe; 1% risk of failure)
Confirm with . or Enter, or press ? or * to list all spells.
Your skin crawls.
(D) Dungeon (T) Temple (L) Lair (P) Snake Pit (N) Spider Nest (M) Slime Pits (O) Orcish Mines (E) Elven Halls (V) Vaults (C) Crypt (U) Depths (H) Hell (Z) Zot
Where to? (Enter - D:1 @ (x,y), ? - help)
What level of the Dungeon? (default 1, ? - help) Magic restored.
HP restored.
Your skin stops crawling.
There is a stone staircase leading up here.
You climb upwards.
Level annotation: 3 runed translucent doors, thalacas's ghost, amateur OpMA
There is a stone staircase leading down here.
There is a stone staircase leading up here.
You climb upwards.
There is a stone staircase leading down here.
A Brimstone Fiend comes into view.
You feel very mighty all of a sudden.
You block the Brimstone Fiend's attack. x2
The Brimstone Fiend completely misses you.
The Brimstone Fiend hits you but does no damage.
The Brimstone Fiend barely misses you. The Brimstone Fiend hits you.
You impale the Brimstone Fiend!!
Lightning courses through the Brimstone Fiend!
You headbutt the Brimstone Fiend! You bite the Brimstone Fiend!
The Brimstone Fiend is severely wounded.
You barely miss the Brimstone Fiend.
You headbutt the Brimstone Fiend, but do no damage.
You bite the Brimstone Fiend!
The Brimstone Fiend is severely wounded.
The Brimstone Fiend hits you but does no damage.
You block the Brimstone Fiend's attack.
The Brimstone Fiend hits you but does no damage.
You impale the Brimstone Fiend!!
Lightning courses through the Brimstone Fiend!
You kill the Brimstone Fiend!
Cheibriados appreciates the change of pace.
(D) Dungeon (T) Temple (L) Lair (P) Snake Pit (N) Spider Nest (M) Slime Pits (O) Orcish Mines (E) Elven Halls (V) Vaults (C) Crypt (U) Depths (H) Hell (Z) Zot
Where to? (Enter - D:1, ? - help)
What level of the Dungeon? (default 1, ? - help) HP restored.
There is a stone staircase leading up here.
You climb upwards.
There is a stone staircase leading down here.
There is a stone staircase leading up here.
You climb upwards.
There is a stone staircase leading down here.
You use a rune to identify the item.
You see here a +0 whip.
You feel a little less mighty now.
There is a fountain of clear blue water here.
Press: ? - help, v - describe, . - travel
There is a fountain of clear blue water here.
This square is covered in magical glow.
(D) Dungeon (T) Temple (L) Lair (P) Snake Pit (N) Spider Nest (M) Slime Pits (O) Orcish Mines (E) Elven Halls (V) Vaults (C) Crypt (U) Depths (H) Hell (Z) Zot
Where to? (Enter - D:1 @ (x,y), ? - help)
Okay, then.
There is an open door here.
There is a staircase leading out of the dungeon here.
Casting: Regeneration (safe; 0% risk of failure)
Confirm with . or Enter, or press ? or * to list all spells.
You summon a servant imbued with your destructive magic!
The power of the Orb breaks the dimensional shunt like a soap bubble!
You have escaped!

#######.#.......#
#..........
........#.......#
#..........
..####..#.......#
#.......... #.#
#...........# #..........
#.###...........#
#..........
..#.............#
#..........
..#.##..#.......#
##########.
.##.##..#################
## .##.###.#
#..#@9...#..# ..#.# #.#
#..###'###..# ..#.###.##
#..'.....'..# .........#
####..#..#### ...#.....#
#....###....# ...#.....#
#.....#.....#
#..#.....####.#.⌠.#.⌠.#.#
........)...#.#.......#.#
###.###.###.#.###...###.#


You could see a friendly spellforged servitor.

Vanquished Creatures
  the Royal Jelly (Slime:5)
  A juggernaut (Depths:5)
  7 orbs of fire
  3 ancient liches (Zot:5)
  4 golden dragons
  2 Killer Klowns (Zot:5)
  Margery (Depths:5)
  A curse toe (Zot:4)
  Gastronok (D:9)
  4 rockslimes
  An electric golem (Zot:5)
  A Shadow Fiend (Depths:1)
  2 Brimstone Fiends
  2 bone dragons (Depths:5)
  2 Orb Demons (Zot:3)
  9 tentacled monstrosities
  An Ice Fiend (Depths:4)
  2 Hell Sentinels (Zot:5)
  31 Orb Guardians
  3 liches
  2 deep elf master archers (Elf:3)
  3 quicksilver dragons
  A deep elf blademaster (Elf:3)
  3 sphinxes
  4 death cobs (Zot:5)
  11 acid blobs
  8 storm dragons
  2 draconian monks
  4 nagarajas
  3 shadow dragons
  A frost giant (Depths:3)
  2 tengu reavers (Depths:5)
  A daeva (Zot:5)
  Donald (Elf:2)
  A draconian knight (Zot:1)
  4 balrugs
  3 deep elf sorcerers
  Roxanne (Snake:1)
  4 fire giants
  5 vault wardens
  Louise (Spider:3)
  10 azure jellies
  An iron dragon (Depths:4)
  An orc warlord (Vaults:2)
  5 ghost moths
  3 emperor scorpions
  2 spectral caustic shrikes (D:12)
  4 deep elf elementalists (Elf:3)
  A draconian annihilator (Zot:4)
  A draconian stormcaller (Zot:4)
  A spriggan defender (Depths:3)
  A draconian shifter (Zot:4)
  12 stone giants
  2 draconian scorchers
  3 eyes of devastation
  16 very ugly things
  2 ironheart preservers (Vaults:1)
  6 green draconians
  A black draconian (Zot:2)
  3 purple draconians
  5 deep elf demonologists
  A red draconian (Zot:4)
  4 entropy weavers
  3 dire elephants (Vaults:2)
  3 white draconians
  10 deep elf annihilators
  A yellow draconian (Depths:5)
  2 blizzard demons (Depths:4)
  6 deep elf death magi
  9 spark wasps
  3 deep elf high priests (Elf:3)
  A merfolk impaler (Depths:1)
  8 ettins
  A merfolk javelineer (Depths:3)
  8 yaktaur captains
  13 fire dragons
  A hell beast (Zot:5)
  Josephine (Lair:5)
  10 hydras
  2 vault guards (Vaults:1)
  5 rakshasas
  A juggernaut simulacrum (Vaults:2)
  4 spriggan air magi
  A catoblepas (D:9)
  13 naga warriors
  9 great orbs of eyes
  Erica (D:9)
  6 ice dragons
  Sonja (D:11)
  5 two-headed ogres
  8 anacondas
  9 tengu warriors
  2 ogre magi
  27 dancing weapons
  5 death oozes (Slime:5)
  9 deep troll shamans
  4 alligators (Depths:4)
  An ironheart beastmaster (Vaults:2)
  5 deep troll earth magi
  An orc high priest (Orc)
  3 spriggan berserkers
  8 spriggans (Lair:6)
  A shock serpent (Snake:1)
  6 naga sharpshooters
  13 deep trolls
  6 sun demons
  10 centaur warriors
  A soul eater (Depths:5)
  6 deep elf knights
  A hell knight (Depths:5)
  A death drake (shapeshifter) (Depths:3)
  4 iron trolls
  A titan skeleton (Depths:3)
  4 salamander mystics (Snake:3)
  An unseen horror (shapeshifter) (Vaults:1)
  A gelid demonspawn (IceCv)
  A glowing orange brain (Vaults:2)
  A tengu zombie (Depths:3)
  3 wizards
  2 wolf spider zombies
  4 deep elf archers
  A swamp dragon (Depths:4)
  8 ironheart convokers
  9 naga ritualists
  An orange crystal statue (Spider:1)
  A lindwurm (Depths:1)
  2 harpies (Depths:5)
  2 necromancers
  2 orc knights
  10 wolf spiders
  34 deep elf magi
  16 ugly things
  8 orb spiders
  4 orc sorcerers (Orc)
  5 cyclopes
  A frost giant zombie (Depths:3)
  10 mana vipers
  A salamander (Snake:1)
  21 moths of wrath
  6 shining eyes
  An elephant (Lair:4)
  10 guardian serpents
  A fire giant skeleton (Depths:3)
  2 ice statues (IceCv)
  Joseph (D:8)
  25 black mambas
  14 naga magi
  A torpor snail (Lair:6)
  6 vault sentinels
  A smoke demon (Zot:5)
  A rime drake (shapeshifter) (Elf:3)
  A yaktaur zombie (Vaults:2)
  8 cane toads
  A rime drake (Lair:3)
  19 jumping spiders
  4 freezing wraiths
  5 demonic crawlers (Spider:1)
  11 yaktaurs
  7 komodo dragons
  2 hellions (Depths:4)
  An eye of draining (D:12)
  2 komodo dragons (shapeshifter) (Elf:1)
  8 ice devils
  6 trolls
  3 red devils (Zot:5)
  2 trolls (shapeshifter)
  3 polar bears
  A queen bee (D:8)
  118 slime creatures
  A hornet (shapeshifter) (Vaults:1)
  2 hornets (Lair:6)
  2 meliai (Spider:3)
  10 blink frogs
  3 harpy skeletons
  A hippogriff (shapeshifter) (Depths:1)
  3 tyrant leeches (Lair:6)
  6 hippogriffs
  A raiju (shapeshifter) (Depths:3)
  8 dream sheep
  2 air elementals (Elf:3)
  2 meliai zombies
  4 vampires
  6 water elementals
  2 shadows (D:12)
  A wyvern (D:10)
  Eustachio (D:6)
  A yak (shapeshifter) (Vaults:1)
  8 tarantellas
  4 wraiths
  3 basilisks
  6 golden eyes
  11 yaks
  3 fire elementals
  A redback (shapeshifter) (Depths:2)
  A steam dragon (D:8)
  5 vampire mosquitoes
  35 redbacks
  43 nagas
  5 swamp worms
  8 crocodiles
  4 hungry ghosts
  A swamp worm (shapeshifter) (Depths:1)
  2 acid dragons
  9 water moccasins
  Duvessa (D:7)
  2 porcupines
  2 soldier ants (shapeshifter)
  3 ice beasts
  3 sky beasts
  6 black bears
  10 orc warriors
  A hornet zombie (D:12)
  A swamp drake (Depths:4)
  3 phantoms
  15 boggarts
  18 wolves
  8 ogres
  10 bullfrogs
  A rime drake skeleton (D:7)
  8 kobold brigands
  Blork the orc (D:4)
  A glowing shapeshifter simulacrum (Vaults:1)
  A human skeleton (Vaults:2)
  4 earth elementals
  11 centaurs
  A water moccasin skeleton (D:5)
  4 scorpions
  Dowan (D:7)
  A human simulacrum (Vaults:2)
  18 killer bees
  9 wights
  4 electric eels
  2 howler monkeys
  17 orc priests
  2 bullfrog zombies
  11 crimson imps
  12 hounds
  3 jellies
  An iron imp (Depths:3)
  22 orc wizards
  2 bullfrog skeletons
  2 iguanas
  11 worker ants
  3 hound zombies
  A hound skeleton (D:9)
  A mummy (D:7)
  A howler monkey zombie (D:4)
  Robin (D:4)
  2 worker ant zombies
  12 adders
  6 gnolls
  2 river rats (Sewer)
  4 shadow imps
  6 white imps
  8 oozes
  3 ufetubi (IceCv)
  3 adder zombies
  An adder skeleton (D:8)
  6 worms
  A dart slug (D:3)
  10 leopard geckos
  40 orcs
  6 bats
  7 giant cockroaches
  10 hobgoblins
  9 jackals
  27 kobolds
  3 quokkas
  8 ball pythons
  A frilled lizard (D:4)
  18 goblins
  A jackal zombie (D:6)
  3 rats
  2 fulminant prisms
  4 fungi
  8 plants
1569 creatures vanquished.

Vanquished Creatures (collateral kills)
  A pandemonium lord (Depths:5)
  An orb of fire (Zot:5)
  An ancient lich (Zot:5)
  A golden dragon (Zot:4)
  A curse toe (Zot:1)
  3 rockslimes
  2 Brimstone Fiends
  2 tentacled monstrosities
  An Orb Guardian (Zot:5)
  4 acid blobs
  A deep elf blademaster (Elf:3)
  2 quicksilver dragons
  A storm dragon (Depths:3)
  A thorn hunter (Depths:4)
  Kirke (Spider:2)
  A tengu reaver (Depths:5)
  7 nagarajas
  2 fire giants
  A daeva (Depths:5)
  Aizul (Snake:1)
  2 azure jellies (Slime:5)
  2 balrugs (Zot:5)
  2 frost giants
  A deep elf sorcerer (Elf:3)
  A vault warden (Vaults:1)
  2 spectral caustic shrikes
  A draconian shifter (Zot:1)
  An iron dragon (Depths:3)
  A deep elf elementalist (Elf:3)
  5 emperor scorpions (Spider:3)
  A draconian stormcaller (Zot:1)
  A spriggan defender (Depths:3)
  An ironheart preserver (Vaults:1)
  2 draconian annihilators
  8 very ugly things
  4 stone giants
  3 black draconians
  A draconian scorcher (Zot:1)
  A deep elf annihilator (Elf:1)
  An entropy weaver (Spider:3)
  2 deep elf demonologists (Elf:3)
  A vampire knight (Vaults:2)
  2 purple draconians
  A red draconian (Zot:4)
  5 yellow draconians
  2 blizzard demons (Depths:4)
  A deep elf death mage (Elf:3)
  A fire dragon (Depths:3)
  2 yaktaur captains
  2 ettins
  4 ice dragons
  A hydra (Lair:4)
  9 naga warriors
  2 rakshasas
  5 anacondas
  3 death knights
  2 dancing weapons (Elf:2)
  A two-headed ogre (Vaults:1)
  3 deep troll earth magi
  2 deep troll shamans
  A sun demon (Zot:5)
  5 naga sharpshooters (Snake:3)
  2 shock serpents
  5 deep elf knights
  5 deep trolls
  An iron troll (Depths:3)
  A salamander mystic (Snake:2)
  2 centaur warriors
  3 hell knights (Depths:5)
  4 deep elf archers (Elf:1)
  2 wizards (Vaults:2)
  A lindwurm (Depths:1)
  2 orc knights
  A cyclops (Vaults:2)
  2 necromancers
  2 ironheart convokers
  8 orb spiders
  5 wolf spiders
  The ghost of Sapher the Covert, a novice FeWr (Snake:2)
  An orc sorcerer (Elf:2)
  4 mana vipers
  A shining eye (Slime:5)
  8 ugly things
  5 salamanders
  15 deep elf magi
  2 human skeletons (Vaults:2)
  9 black mambas
  7 guardian serpents
  A torpor snail (Lair:6)
  A vault sentinel (Vaults:1)
  17 naga magi
  2 cane toads (Lair:4)
  10 yaktaurs
  A freezing wraith (Vaults:1)
  7 jumping spiders
  3 rime drakes
  3 demonic crawlers
  2 red devils (Zot:5)
  6 ice devils
  5 hornets
  3 polar bears
  A tyrant leech (Lair:6)
  A meliai (Spider:3)
  5 dream sheep (Lair:6)
  9 slime creatures
  A blink frog (Lair:6)
  2 hippogriffs
  3 water elementals (Depths:1)
  A wyvern (Lair:5)
  A tarantella (shapeshifter) (Depths:1)
  5 spriggans
  7 tarantellas
  3 wraiths
  6 yaks
  4 hogs (Spider:2)
  19 redbacks
  5 golden eyes (Slime:5)
  2 swamp worms
  33 nagas
  A crocodile (Lair:4)
  A water moccasin (Lair:4)
  6 orc warriors
  A black bear (Lair:6)
  2 ogres
  6 wolves
  9 boggarts
  2 scorpions
  4 killer bees (D:11)
  A crimson imp (D:10)
  4 orc wizards
  A worker ant (Spider:2)
  A gnoll (Bailey)
  An adder (Depths:1)
  6 white imps
  3 ufetubi (IceCv)
  A worm (Lair:4)
  10 orcs
  A goblin (Bailey)
  A hobgoblin (Bailey)
  2 kobolds (D:10)
465 creatures vanquished.

Vanquished Creatures (others)
  An acid blob (Slime:5)
  A death cob (Zot:4)
  2 azure jellies (Slime:5)
  2 ghost moths
  A death ooze (Slime:5)
  A deep elf mage (Elf:2)
  A moth of wrath (Zot:5)
  A jumping spider (Spider:2)
  An eye of draining (D:6)
  A naga (Snake:1)
  A crimson imp (D:8)
  A quasit (D:8)
  3 white imps (IceCv)
  4 ufetubi (IceCv)
  2 ball pythons (Depths:1)
  74 bushes
  147 fulminant prisms
  7 fungi
  97 plants
348 creatures vanquished.

Grand Total: 2382 creatures vanquished

Notes
Turn   | Place    | Note
-------+----------+-------------------------------------------
     0 | D:1      | Reached skill level 3 in Spellcasting
     0 | D:1      | Artagas the Oni Conjurer began the quest for the Orb.
     0 | D:1      | Reached XP level 1. HP: 14/14 MP: 6/6
    66 | D:1      | Reached skill level 2 in Stealth
   148 | D:1      | Reached skill level 1 in Fighting
   148 | D:1      | Reached XP level 2. HP: 23/23 MP: 4/8
   151 | D:1      | Learned a level 2 spell: Searing Ray
   154 | D:1      | Learned a level 2 spell: Blink
   593 | D:1      | Reached XP level 3. HP: 29/29 MP: 7/9
  1050 | D:2      | Learned a level 3 spell: Iskenderun's Mystic Blast
  1372 | D:2      | Reached skill level 2 in Fighting
  1465 | D:2      | Found a sparkling altar of Nemelex Xobeh.
  1884 | D:3      | Found a corrupted altar of Lugonu.
  2100 | D:3      | Reached XP level 4. HP: 35/36 MP: 3/10
  2139 | D:3      | Reached skill level 3 in Stealth
  2752 | D:3      | Found a faded altar of an unknown god.
  2966 | D:4      | Noticed a centaur
  2971 | D:4      | Reached skill level 3 in Fighting
  2971 | D:4      | Reached XP level 5. HP: 17/45 MP: 0/11
  2972 | D:4      | HP: 3/67 [centaur/arrow (10)]
  2977 | D:4      | Reached skill level 4 in Stealth
  3305 | D:4      | Reached XP level 6. HP: 23/51 MP: 0/12
  3545 | D:4      | Found a runed translucent gate.
  3545 | D:4      | Found a runed translucent gate.
  3546 | D:4      | Found a runed translucent gate.
  3549 | D:4      | Noticed thalacas's ghost (amateur OpMA)
  3665 | D:4      | Found a blossoming altar of Fedhas.
  3917 | D:4      | Noticed Blork the orc
  4062 | D:4      | Killed Blork the orc
  4134 | D:4      | Found a basalt altar of Yredelemnul.
  4303 | D:4      | Noticed Robin
  4310 | D:4      | Killed Robin
  4651 | D:4      | Learned a level 4 spell: Fulminant Prism
  4684 | D:5      | Entered Level 5 of the Dungeon
  4693 | D:5      | Reached skill level 4 in Spellcasting
  4700 | D:5      | Reached XP level 7. HP: 28/57 MP: 4/15
  4831 | D:5      | Reached skill level 4 in Fighting
  4836 | D:5      | Found a sacrificial altar of Ru.
  5080 | D:5      | Noticed Grinder
  5162 | D:5      | Found a glowing drain.
  5181 | Sewer    | Entered a sewer
  5624 | Sewer    | Reached skill level 5 in Fighting
  6098 | Sewer    | Reached XP level 8. HP: 66/68 MP: 9/17
  6110 | Sewer    | Reached skill level 5 in Spellcasting
  6110 | Sewer    | Reached skill level 2 in Dodging
  6159 | Sewer    | Reached skill level 3 in Dodging
  6373 | D:5      | Reached skill level 4 in Dodging
  6951 | D:5      | Found a staircase to the Ecumenical Temple.
  6964 | Temple   | Entered the Ecumenical Temple
  7247 | D:5      | Reached skill level 6 in Fighting
  7256 | D:5      | Learned a level 3 spell: Regeneration
  7298 | D:6      | HP: 10/70 [poisoned by a worker ant]
  7304 | D:6      | HP: 10/70 [poisoned by a worker ant]
  7310 | D:6      | HP: 10/70 [poisoned by a worker ant]
  7485 | D:6      | Reached XP level 9. HP: 75/75 MP: 8/19
  7534 | D:6      | Killed an eye of draining
  7567 | D:6      | Reached skill level 6 in Spellcasting
  7896 | D:6      | Found a stormy altar of Qazlal.
  7920 | D:6      | Reached skill level 7 in Fighting
  7926 | D:6      | Learned a level 5 spell: Lee's Rapid Deconstruction
  8054 | D:6      | Found a glowing golden altar of the Shining One.
  8054 | D:6      | Found a burning altar of Makhleb.
  8054 | D:6      | Noticed Eustachio
  8064 | D:6      | Killed Eustachio
  8271 | D:6      | Found a shadowy altar of Dithmenos.
  8272 | D:6      | Found a hazy altar of Hepliaklqana.
  8312 | D:7      | Noticed Duvessa
  8312 | D:7      | Noticed Dowan
  8317 | D:7      | Killed Dowan
  8424 | D:7      | Killed Duvessa
  8495 | D:7      | Reached skill level 7 in Spellcasting
  8841 | D:7      | Reached skill level 8 in Fighting
  8860 | D:7      | Reached XP level 10. HP: 88/88 MP: 7/23
  9130 | D:7      | Reached skill level 8 in Spellcasting
  9136 | D:7      | Learned a level 5 spell: Irradiate
  9337 | D:7      | Found a bloodstained altar of Trog.
  9481 | D:7      | Found a snail-covered altar of Cheibriados.
  9602 | D:7      | Became a worshipper of Cheibriados the Contemplative
  9639 | D:8      | Found a hide-covered altar of Uskayaw.
  9642 | D:8      | Noticed a +0 dagger
  9643 | D:8      | Noticed a +0 hand axe
  9682 | D:8      | Reached skill level 5 in Dodging
  9911 | D:8      | Reached skill level 9 in Fighting
  9946 | D:8      | Reached * piety under Cheibriados
 10024 | D:8      | Reached skill level 6 in Dodging
 10273 | D:8      | Reached ** piety under Cheibriados
 10504 | D:8      | Noticed Joseph
 10530 | D:7      | Reached XP level 11. HP: 96/97 MP: 1/25
 10881 | D:8      | Killed Joseph
 10925 | D:8      | Found a staircase to the Lair.
 11326 | D:8      | Reached skill level 9 in Spellcasting
 11392 | D:8      | Found Pazuj's Gadget Boutique.
 11400 | D:8      | Bought a wand of acid (5) for 132 gold pieces
 11400 | D:8      | Bought a wand of clouds (9) for 330 gold pieces
 11445 | Lair:1   | Entered Level 1 of the Lair of Beasts
 11449 | Lair:1   | Noticed an eight-headed hydra
 11453 | Lair:1   | Killed an eight-headed hydra
 11454 | Lair:1   | Reached skill level 2 in Armour
 11558 | Lair:1   | Reached skill level 3 in Armour
 11607 | Lair:1   | Reached *** piety under Cheibriados
 11839 | Lair:1   | Found a hazy altar of Hepliaklqana.
 11885 | Lair:1   | Reached skill level 10 in Fighting
 11885 | Lair:1   | Reached skill level 1 in Invocations
 11901 | Lair:1   | Reached skill level 2 in Invocations
 11901 | Lair:1   | Reached skill level 1 in Evocations
 11991 | Lair:1   | Reached skill level 3 in Invocations
 11991 | Lair:1   | Reached skill level 2 in Evocations
 12021 | Lair:1   | Reached skill level 4 in Invocations
 12021 | Lair:1   | Reached skill level 3 in Evocations
 12511 | Lair:1   | Found an iron altar of Okawaru.
 12687 | Lair:2   | Reached skill level 5 in Invocations
 12687 | Lair:2   | Reached skill level 4 in Evocations
 12853 | Lair:2   | Reached **** piety under Cheibriados
 12965 | Lair:2   | Noticed a six-headed hydra
 12968 | Lair:2   | Killed a six-headed hydra
 12969 | Lair:2   | Reached skill level 5 in Evocations
 12969 | Lair:2   | Reached XP level 12. HP: 106/106 MP: 12/27
 13097 | Lair:2   | Reached skill level 4 in Armour
 13167 | Lair:2   | Got a transparent copper ring
 13240 | Lair:2   | Found a staircase to the Snake Pit.
 13246 | Lair:2   | Noticed a five-headed hydra
 13253 | Lair:2   | Killed a five-headed hydra
 13290 | Lair:2   | Reached skill level 5 in Armour
 13829 | Lair:3   | Noticed a five-headed hydra
 13876 | Lair:3   | Noticed a seven-headed hydra
 14027 | Lair:3   | Killed a five-headed hydra
 14028 | Lair:3   | Reached skill level 6 in Armour
 14052 | Lair:3   | Killed a seven-headed hydra
 14254 | Lair:3   | Identified the cursed ring "Daamom" {Fire MR+} (You found
                  | it on level 2 of the Lair of Beasts)
 14289 | Lair:3   | Reached skill level 10 in Spellcasting
 14305 | Lair:3   | Learned a level 5 spell: Summon Lightning Spire
 15048 | Lair:4   | Noticed a five-headed hydra
 15052 | Lair:4   | Killed a five-headed hydra
 15400 | Lair:4   | Found a hole to the Spider Nest.
 15463 | Lair:4   | Reached skill level 7 in Armour
 15625 | Lair:4   | Reached skill level 8 in Armour
 15738 | Lair:4   | Reached ***** piety under Cheibriados
 16200 | Lair:5   | Reached XP level 13. HP: 113/113 MP: 9/29
 16548 | Lair:5   | Reached skill level 9 in Armour
 16689 | Lair:5   | Noticed Josephine
 16698 | Lair:5   | Killed Josephine
 17319 | Lair:6   | Entered Level 6 of the Lair of Beasts
 17610 | Lair:6   | Got a fine ring mail
 17623 | Lair:6   | Found a frozen archway.
 17649 | IceCv    | Entered an ice cave
 18046 | IceCv    | Reached skill level 11 in Spellcasting
 18453 | IceCv    | Identified the +7 demon trident "Rumishoz" {elec, *Noise
                  | +Rage rF+ Stlth+}
 18525 | IceCv    | Reached skill level 10 in Armour
 18613 | IceCv    | Got a steaming scimitar
 18614 | IceCv    | Identified the +1 scimitar of Change {slice, *Rage Str+4
                  | Int+3} (You found it in an ice cave)
 18844 | Lair:6   | Reached ****** piety under Cheibriados
 19093 | Lair:6   | Reached skill level 11 in Fighting
 19120 | Lair:6   | Reached skill level 6 in Invocations
 19160 | Lair:6   | Reached XP level 14. HP: 112/124 MP: 27/31
 19216 | Lair:6   | Reached skill level 7 in Invocations
 19390 | Lair:6   | Reached skill level 8 in Invocations
 19404 | Lair:6   | Learned a level 5 spell: Fireball
 19495 | Lair:6   | Reached skill level 9 in Invocations
 19729 | Lair:6   | Found a runed door.
 19730 | Lair:6   | Found a viscous altar of Jiyva.
 19732 | Lair:6   | Found a staircase to the Slime Pits.
 20599 | D:9      | Reached skill level 1 in Polearms
 20889 | D:9      | Noticed Gastronok
 20895 | D:9      | Reached skill level 2 in Polearms
 20901 | D:9      | Killed Gastronok
 20902 | D:9      | Reached skill level 3 in Polearms
 20960 | D:9      | Noticed Erica
 20966 | D:9      | Killed Erica
 21209 | D:9      | Found an ornate altar of the Wu Jian Council.
 21273 | D:9      | Reached skill level 4 in Polearms
 21479 | D:10     | Entered Level 10 of the Dungeon
 21484 | D:10     | Reached skill level 11 in Armour
 21699 | D:10     | Reached skill level 5 in Polearms
 22013 | D:10     | Found a roughly hewn altar of Beogh.
 22013 | D:10     | Found a staircase to the Orcish Mines.
 22211 | D:10     | Reached skill level 6 in Polearms
 22292 | D:10     | Identified the +0 ring mail of Summertime {rC+} (You found
                  | it on level 6 of the Lair of Beasts)
 22655 | D:11     | Reached skill level 7 in Polearms
 22660 | D:11     | Found a flagged portal.
 22687 | Bailey   | Entered a bailey
 23281 | D:11     | Noticed Sonja
 23283 | D:11     | Killed Sonja
 23284 | D:11     | Reached skill level 8 in Polearms
 23290 | D:11     | Reached XP level 15. HP: 127/129 MP: 23/32
 23645 | D:11     | Reached skill level 9 in Polearms
 23885 | D:12     | Entered Level 12 of the Dungeon
 24081 | D:12     | Found a shadowy altar of Dithmenos.
 24308 | D:12     | Reached skill level 10 in Polearms
 24343 | D:12     | Found a staircase to the Depths.
 24524 | D:12     | Found a gate to the Vaults.
 25081 | Orc      | Entered the Orcish Mines
 25314 | Orc      | Found a staircase to the Elven Halls.
 25554 | Orc      | Reached skill level 11 in Polearms
 25922 | Orc      | Found Farem's Antique Armour Shop.
 25922 | Orc      | Found Veown's Magic Scroll Shop.
 25923 | Orc      | Found Leiku's Weapon Boutique.
 25927 | Orc      | Found Besa's Magic Scroll Boutique.
 25977 | Orc      | Bought a scroll of teleportation for 54 gold pieces
 25977 | Orc      | Bought a scroll of fear for 90 gold pieces
 25977 | Orc      | Bought a scroll of blinking for 135 gold pieces
 25977 | Orc      | Bought a scroll of identify for 36 gold pieces
 25977 | Orc      | Bought a scroll of identify for 36 gold pieces
 25981 | Orc      | Bought a scroll of acquirement for 728 gold pieces
 25999 | Orc      | Identified the scarf of Tyimimnu {repulsion, rC+ Int+4}
                  | (You acquired it in the Orcish Mines)
 25999 | Orc      | Identified the ring of Ashenzari's Favour {rElec rN+++
                  | Str+4 Dex+4 Slay-5} (You acquired it in the Orcish Mines)
 26068 | Orc      | Found Xapyteal's Book Shop.
 26672 | Spider:1 | Entered Level 1 of the Spider Nest
 27058 | Spider:1 | Reached skill level 10 in Invocations
 27261 | Spider:1 | Noticed an emperor scorpion
 27268 | Spider:1 | Killed an emperor scorpion
 27384 | Spider:1 | Found the ring of the Octopus King
 27387 | Spider:1 | Reached skill level 7 in Dodging
 27424 | Spider:1 | Got a ring of the Octopus King
 27426 | Spider:1 | Identified a ring of the Octopus King {AC+1 EV+1 Str+1
                  | Int+1 Dex+1 SInv} (You found it on level 1 of the Spider
                  | Nest)
 28665 | Spider:1 | Reached XP level 16. HP: 137/137 MP: 14/33
 29105 | Orc      | Bought a scroll of amnesia for 49 gold pieces
 29653 | Spider:2 | Reached skill level 12 in Spellcasting
 29672 | Spider:2 | Learned a level 7 spell: Spellforged Servitor
 29823 | Spider:2 | Noticed Kirke
 29829 | Spider:2 | Killed Kirke
 30243 | Spider:3 | Entered Level 3 of the Spider Nest
 30776 | Spider:3 | Noticed Louise
 30782 | Spider:3 | Killed Louise
 30807 | Spider:3 | Reached skill level 13 in Spellcasting
 31154 | Spider:3 | Reached skill level 12 in Polearms
 31547 | Spider:3 | Reached skill level 13 in Polearms
 31744 | Spider:3 | Reached XP level 17. HP: 144/144 MP: 30/36
 31772 | Spider:3 | Got a gossamer rune of Zot
 32463 | Snake:1  | Entered Level 1 of the Snake Pit
 32721 | Snake:1  | Found a transporter.
 32961 | Snake:1  | Found a transporter.
 33054 | Snake:1  | Noticed Aizul
 33059 | Snake:1  | Killed Aizul
 33353 | Snake:1  | Found a transporter.
 33354 | Snake:1  | Found a transporter.
 33359 | Snake:1  | Found a transporter.
 33573 | Snake:1  | Reached skill level 14 in Polearms
 33738 | Snake:1  | Noticed Roxanne
 34901 | Snake:1  | Killed Roxanne
 34995 | Snake:1  | Identified Roxanne's Papyrus of Transmutation (You took it
                  | off Roxanne on level 1 of the Snake Pit)
 35068 | Snake:2  | Reached skill level 12 in Fighting
 35610 | Snake:2  | Reached skill level 12 in Armour
 36247 | Snake:2  | Found a runed translucent door.
 36793 | Snake:2  | Noticed Sapher's ghost (novice FeWr)
 36829 | Snake:2  | Killed Sapher's ghost
 36888 | Snake:3  | Entered Level 3 of the Snake Pit
 37110 | Snake:3  | Reached XP level 18. HP: 156/156 MP: 24/37
 37131 | Snake:3  | Reached skill level 13 in Fighting
 37397 | Snake:3  | Reached skill level 13 in Armour
 38197 | Snake:3  | Reached skill level 14 in Spellcasting
 38699 | Snake:3  | Found a large runed translucent door.
 38700 | Snake:3  | Found a large runed translucent door.
 38701 | Snake:3  | Noticed tronn's ghost (adept GnSk)
 39285 | Snake:3  | Got a serpentine rune of Zot
 40188 | Vaults:1 | Entered Level 1 of the Vaults
 40316 | Vaults:1 | Found Xuidaw's Armour Emporium.
 40317 | Vaults:1 | Found Ziqic's Antique Weapon Emporium.
 40392 | Vaults:1 | Bought a +2 pair of gloves of strength for 322 gold pieces
 40804 | Vaults:1 | Reached XP level 19. HP: 126/163 MP: 8/39
 40998 | Vaults:1 | Learned a level 6 spell: Deflect Missiles
 41012 | Vaults:1 | Reached skill level 15 in Spellcasting
 41336 | Vaults:1 | Reached skill level 14 in Armour
 41684 | Vaults:1 | Reached skill level 6 in Evocations
 41974 | Vaults:1 | Reached skill level 7 in Evocations
 42710 | Vaults:2 | Reached skill level 1 in Shields
 42760 | Vaults:2 | Reached skill level 2 in Shields
 42762 | Vaults:2 | Noticed a lich
 42767 | Vaults:2 | Reached skill level 3 in Shields
 42772 | Vaults:2 | Killed a lich
 42773 | Vaults:2 | Reached skill level 4 in Shields
 43094 | Vaults:2 | Reached skill level 5 in Shields
 43392 | Vaults:2 | Reached skill level 6 in Shields
 43524 | Vaults:2 | Found a staircase to the Crypt.
 43732 | Vaults:2 | Reached skill level 7 in Shields
 43739 | Vaults:2 | Reached XP level 20. HP: 124/171 MP: 41/41
 43977 | Vaults:2 | Found Gaerphy's Book Boutique.
 44302 | Vaults:2 | Reached skill level 8 in Shields
 44536 | Vaults:1 | Learned a level 7 spell: Shadow Creatures
 44651 | Depths:1 | Entered Level 1 of the Depths
 45211 | Depths:1 | Reached skill level 8 in Dodging
 45220 | Depths:1 | Reached skill level 9 in Shields
 45291 | Depths:1 | Found a gateway to a ziggurat.
 45317 | Depths:1 | Found a gateway to Hell.
 45600 | Depths:1 | Identified the ring of Biqo {Ice MR+ Dex+4} (You acquired
                  | it on level 1 of the Depths)
 45878 | Depths:1 | Reached skill level 9 in Dodging
 45924 | Depths:1 | Reached skill level 14 in Fighting
 46696 | Orc      | Bought a scroll of blinking for 105 gold pieces
 46696 | Orc      | Bought a scroll of fear for 70 gold pieces
 46696 | Orc      | Bought a scroll of enchant armour for 105 gold pieces
 47050 | Elf:1    | Entered Level 1 of the Elven Halls
 47275 | Elf:1    | Reached skill level 10 in Shields
 47276 | Elf:1    | Reached skill level 10 in Dodging
 47389 | Elf:1    | Identified the Papyrus of Arcane Weapons
 47436 | Elf:1    | Found Quedd's Antique Weapon Shop.
 47449 | Elf:1    | Reached XP level 21. HP: 145/181 MP: 42/42
 47581 | Elf:1    | Reached skill level 11 in Dodging
 47940 | Elf:1    | Found Etock's Jewellery Boutique.
 47941 | Elf:1    | Found Niuvvuta's Gadget Shoppe.
 47942 | Elf:1    | Found Ynozew's Jewellery Boutique.
 47954 | Elf:1    | Bought an uncursed amulet of magic regeneration for 375
                  | gold pieces
 48185 | Elf:2    | Reached skill level 12 in Dodging
 48288 | Elf:2    | Found Mobrun's Armour Emporium.
 48290 | Elf:2    | Found Plog's Food Emporium.
 48290 | Elf:2    | Found Umuost's Jewellery Shoppe.
 48308 | Elf:2    | Bought a +1 medium shield of protection for 297 gold pieces
 48314 | Elf:2    | Found Vuruph's Antique Armour Shoppe.
 48320 | Elf:2    | Bought an ancient scale mail for 261 gold pieces
 48320 | Elf:2    | Identified the +2 scale mail of Panentheism {rN+ Regen+}
                  | (You bought it in a shop on level 2 of the Elven Halls)
 48634 | Elf:2    | Found a runed gate.
 48635 | Elf:2    | Found a runed gate.
 48635 | Elf:2    | Found a runed gate.
 48720 | Elf:3    | Entered Level 3 of the Elven Halls
 48771 | Elf:3    | Reached skill level 13 in Dodging
 49312 | Elf:2    | Noticed Donald
 49322 | Elf:2    | Killed Donald
 49668 | Elf:3    | Identified the cursed ring "Soanyuti" {rElec Str-2 Int+4}
 49758 | Elf:3    | Reached skill level 16 in Spellcasting
 49882 | Elf:3    | Reached skill level 11 in Shields
 49883 | Elf:3    | Identified the +4 dagger "Cyteing" {drain, rElec Int+4
                  | Dex+4}
 50231 | Elf:3    | Identified Waotz's Compendium of Blistering Curses
 50370 | Elf:3    | Reached XP level 22. HP: 189/189 MP: 34/44
 50638 | Elf:3    | Identified the cursed amulet "Toiddysm" {Inacc Fragile
                  | rElec MR+++ Stlth+}
 50671 | Elf:3    | Identified the Guide on Shifting Beguiling
 50796 | Elf:3    | Reached skill level 14 in Dodging
 51128 | Depths:2 | Found a one-way gate to the infinite horrors of the Abyss.
 51564 | Depths:2 | Reached skill level 12 in Shields
 51862 | Depths:2 | Noticed a Killer Klown
 52073 | Depths:2 | Noticed a rockslime
 52082 | Depths:2 | Killed a rockslime
 52083 | Depths:2 | Reached skill level 15 in Fighting
 52389 | Depths:3 | Reached skill level 11 in Invocations
 52484 | Depths:3 | Reached skill level 12 in Invocations
 52530 | Depths:3 | Identified the +1 leather armour "Biwety" {+Fly MR- Dex+6}
 52679 | Depths:3 | Identified the +10 demon blade "ETAOIN SHRDLU" {elec,
                  | *Corrode rElec rPois Str+4}
 52750 | Depths:3 | Reached skill level 8 in Evocations
 52807 | Depths:3 | Noticed a golden dragon
 52833 | Depths:3 | Reached skill level 9 in Evocations
 52843 | Depths:3 | Killed a golden dragon
 53124 | Depths:3 | Reached XP level 23. HP: 200/200 MP: 45/45
 53368 | Depths:3 | Reached skill level 16 in Fighting
 53500 | Depths:3 | Found a one-way gate leading to the halls of Pandemonium.
 54123 | Depths:4 | Found Pest's Weapon Boutique.
 54165 | Depths:4 | Reached skill level 17 in Fighting
 54256 | Depths:4 | Found Mueluo's Armour Emporium.
 54301 | Depths:4 | Found Ivay's Assorted Antiques.
 54593 | Depths:4 | Identified the cursed ring "Silesad" {Ice *Drain rN++ MR+
                  | Slay-5}
 54594 | Depths:4 | Reached skill level 18 in Fighting
 55299 | Depths:4 | Bought 2 potions of heal wounds for 360 gold pieces
 55299 | Depths:4 | Bought a fine lapis lazuli ring for 180 gold pieces
 55299 | Depths:4 | Identified the ring of Rattua {rN+ Stlth--} (You bought it
                  | in a shop on level 4 of the Depths)
 55299 | Depths:4 | Bought a twisted cloak for 342 gold pieces
 55299 | Depths:4 | Identified the cursed +0 cloak "Ixima" {rPois} (You bought
                  | it in a shop on level 4 of the Depths)
 55302 | Depths:4 | Bought a potion of curing for 90 gold pieces
 55408 | Depths:4 | Identified the +1 ring mail of Koomp {rElec Int+5 Dex-2
                  | Slay+2}
 55438 | Depths:4 | Found Guhobuic's Armour Shoppe.
 55536 | Depths:4 | Identified the cursed +0 chain mail of the Meadowlark
                  | {+Blink rPois rN+ Str-2 SInv}
 55612 | Depths:4 | Identified the -3 pair of boots "Goamomag" {+Blink MR+}
 56072 | Slime:1  | Entered Level 1 of the Pits of Slime
 56084 | Slime:1  | Reached skill level 13 in Shields
 56207 | Slime:2  | Reached skill level 10 in Evocations
 56212 | Slime:2  | Reached XP level 24. HP: 214/216 MP: 36/45
 56727 | Slime:5  | Entered Level 5 of the Pits of Slime
 56891 | Slime:5  | Noticed the Royal Jelly
 56902 | Slime:5  | Killed the Royal Jelly
 57049 | Slime:5  | Reached skill level 17 in Spellcasting
 57371 | Slime:5  | Identified the +5 swamp dragon scales "Bumariw" {rPois rF+
                  | Str+4 Int-3 Dex+6}
 57414 | Slime:5  | Identified the Catalogue of Forking Paths
 57443 | Slime:5  | Got a slimy rune of Zot
 57574 | Lair:6   | Learned a level 8 spell: Chain Lightning
 57820 | D:8      | Bought a wand of acid (8) for 198 gold pieces
 57820 | D:8      | Bought a box of beasts for 220 gold pieces
 57820 | D:8      | Bought a wand of digging (9) for 220 gold pieces
 58020 | Elf:1    | Bought the ring of Raomyz {+Blink rN+ MP+9 SInv} for 862
                  | gold pieces
 58308 | Depths:5 | Entered Level 5 of the Depths
 58496 | Depths:5 | Noticed a juggernaut
 58711 | Depths:5 | Reached skill level 14 in Shields
 58733 | Depths:5 | Killed a juggernaut
 58768 | Depths:5 | Noticed Margery
 58780 | Depths:5 | Killed Margery
 59230 | Depths:5 | Reached XP level 25. HP: 208/224 MP: 46/46
 59312 | Depths:5 | Found a corrupted altar of Lugonu.
 59515 | Depths:5 | Found a gate to the Realm of Zot.
 59946 | Zot:1    | Entered Level 1 of the Realm of Zot
 60681 | Zot:1    | Reached skill level 18 in Spellcasting
 61002 | Elf:2    | Bought the cursed amulet "Tirphuaw" {Inacc +Inv rElec
                  | Dex-4} for 154 gold pieces
 61281 | Zot:1    | Identified the cursed +1 ring mail "Xepax" {SInv}
 61295 | Zot:2    | Reached skill level 13 in Invocations
 61487 | Zot:4    | Noticed an orb of fire
 61491 | Zot:4    | Gained mutation: You are weak. (Str -2) [an orb of fire]
 61501 | Zot:3    | Gained mutation: You are very weak. (Str -4) [an orb of
                  | fire]
 61501 | Zot:3    | Gained mutation: You are dopey. (Int -2) [an orb of fire]
 61503 | Zot:3    | Killed an orb of fire
 61835 | Zot:4    | Noticed a golden dragon
 61840 | Zot:4    | Reached skill level 15 in Armour
 62327 | Zot:3    | Reached skill level 11 in Evocations
 62480 | Zot:4    | Killed a golden dragon
 62550 | Zot:4    | Reached XP level 26. HP: 118/232 MP: 41/47
 62852 | Depths:5 | Learned a level 8 spell: Borgnjor's Revivification
 62925 | Zot:5    | Entered Level 5 of the Realm of Zot
 63079 | Zot:5    | Noticed a golden dragon
 63100 | Zot:5    | Killed a golden dragon
 63261 | Zot:5    | Noticed an orb of fire
 63271 | Zot:5    | Killed an orb of fire
 63522 | Zot:5    | Noticed a Killer Klown
 63525 | Zot:5    | Reached skill level 19 in Spellcasting
 63550 | Zot:5    | Killed a Killer Klown
 63766 | Zot:5    | Noticed an orb of fire
 63780 | Zot:5    | Killed an orb of fire
 63917 | Zot:5    | Noticed a Killer Klown
 63928 | Zot:5    | Killed a Killer Klown
 63961 | Zot:5    | Noticed an orb of fire
 63976 | Zot:5    | Killed an orb of fire
 64119 | Zot:5    | Noticed an orb of fire
 64122 | Zot:5    | Gained mutation: Your spells are a little easier to cast,
                  | but a little less powerful. [an orb of fire]
 64130 | Zot:5    | Killed an orb of fire
 64336 | Zot:5    | Noticed an orb of fire
 64415 | Zot:5    | Noticed an ancient lich
 64439 | Zot:5    | Killed an ancient lich
 64886 | Zot:5    | Noticed an orb of fire
 64996 | Zot:5    | Gained mutation: Scrolls take you a little longer to read.
                  | [an orb of fire]
 65020 | Zot:5    | Noticed an orb of fire
 65023 | Zot:5    | Gained mutation: You occasionally shout uncontrollably at
                  | your foes. [an orb of fire]
 65023 | Zot:5    | Noticed a golden dragon
 65024 | Zot:5    | Killed an orb of fire
 65028 | Zot:5    | Gained mutation: Your magical capacity is low. (-10% MP)
                  | [an orb of fire]
 65038 | Zot:5    | Gained mutation: Your magical capacity is very low. (-20%
                  | MP) [an orb of fire]
 65038 | Zot:5    | Gained mutation: Armour fits poorly on your strangely
                  | shaped body. [an orb of fire]
 65040 | Zot:5    | Reached skill level 20 in Spellcasting
 65040 | Zot:5    | Killed an orb of fire
 65047 | Zot:5    | Killed a golden dragon
 65073 | Zot:5    | Reached skill level 12 in Evocations
 65127 | Zot:5    | Noticed an ancient lich
 65135 | Zot:5    | Noticed a golden dragon
 65137 | Zot:5    | Killed an ancient lich
 65138 | Zot:5    | Reached XP level 27. HP: 172/238 MP: 31/39
 65154 | Zot:5    | Killed a golden dragon
 65290 | Zot:5    | Noticed an ancient lich
 65298 | Zot:5    | Killed an ancient lich
 65299 | Zot:5    | Reached skill level 13 in Evocations
 65454 | Zot:5    | Noticed an ancient lich
 65462 | Zot:5    | Killed an ancient lich
 65688 | Zot:5    | Got the Orb of Zot
 65732 | Zot:5    | Killed an orb of fire
 66025 | Depths:5 | Noticed Xysky the pandemonium lord
 66045 | Depths:5 | Killed Xysky the pandemonium lord
 66046 | Depths:5 | Reached skill level 15 in Dodging
 66046 | Depths:5 | Reached skill level 15 in Shields
 66058 | Depths:5 | Noticed Cood the pandemonium lord
 66094 | Depths:3 | Reached skill level 16 in Armour
 66267 | D:8      | Noticed Cubao the pandemonium lord
 66311 | D:6      | Lost mutation: Your magical capacity is very low. (-20% MP)
                  | [potion of mutation]
 66311 | D:6      | Lost mutation: Armour fits poorly on your strangely shaped
                  | body. [potion of mutation]
 66311 | D:6      | Lost mutation: You occasionally shout uncontrollably at
                  | your foes. [potion of mutation]
 66311 | D:6      | Gained mutation: You are resistant to hostile enchantments.
                  | (MR+) [potion of mutation]
 66312 | D:6      | Lost mutation: Scrolls take you a little longer to read.
                  | [potion of mutation]
 66312 | D:6      | Lost mutation: You are dopey. (Int -2) [potion of mutation]
 66312 | D:6      | Lost mutation: Your spells are a little easier to cast, but
                  | a little less powerful. [potion of mutation]
 66312 | D:6      | Lost mutation: You are resistant to hostile enchantments.
                  | (MR+) [potion of mutation]
 66312 | D:6      | Gained mutation: You are partially covered in molten
                  | scales. (AC +2) [potion of mutation]
 66312 | D:6      | Gained mutation: You are surrounded by a mild repulsion
                  | field. (EV +2) [potion of mutation]
 66312 | D:6      | Gained mutation: You expend magic power (3 MP) to
                  | strengthen your wands. [potion of mutation]
 66471 | D:$      | Escaped with the Orb!

Skill      XL: |  1  2  3  4  5  6  7  8  9 10 11 12 13 14 15 16 17 18 19 20 21 22 23 24 25 26 27 |
---------------+----------------------------------------------------------------------------------+-----
Spellcasting   | 4 5 7 8 9 10 11 13 14 15 16 17 18 20 | 20.0
Stealth        | 2 3 4 |  4.4
Fighting       | 1 2 3 5 6 8 9 10 11 12 13 14 15 18 | 18.0
Dodging        | 4 6 7 10 13 14 15 | 15.2
Armour         | 3 8 10 11 12 13 14 15 16 | 16.1
Invocations    | 5 6 9 10 12 13 | 13.0
Evocations     | 5 7 9 10 11 12 13 | 13.0
Polearms       | 8 11 13 14 | 14.0
Shields        | 7 10 11 12 13 14 15 | 15.2
Conjurations   | | 20.0
Hexes          | | 20.0
Charms         | | 20.0
Summonings     | | 20.0
Necromancy     | | 20.0
Translocations | | 20.0
Transmutations | | 20.0
Fire Magic     | | 20.0
Ice Magic      | | 20.0
Air Magic      | | 20.0
Earth Magic    | | 20.0
Poison Magic   | | 20.0

Action                   |  1- 3 |  4- 6 |  7- 9 | 10-12 | 13-15 | 16-18 | 19-21 | 22-24 | 25-27 || total
-------------------------+-------+-------+-------+-------+-------+-------+-------+-------+-------++-------
Melee: Dagger            |     1 |     9 |       |       |       |       |       |       |       ||    10
       Headbutt          |     1 |     3 |    17 |    30 |   151 |    81 |   197 |   382 |   235 ||  1097
       Mace              |       |    39 |    75 |       |       |       |       |       |       ||   114
       Bite              |       |     4 |    12 |    13 |    62 |    45 |   102 |   220 |   148 ||   606
       Rapier            |       |       |    22 |   111 |   102 |       |       |       |       ||   235
       Demon trident     |       |       |       |       |   401 |   369 |   689 |  1079 |   620 ||  3158
       Unarmed           |       |       |       |       |       |     2 |       |       |       ||     2
 Fire: Blowgun           |       |       |    11 |    13 |       |       |       |       |       ||    24
Throw: Javelin           |       |     1 |       |     2 |       |       |     2 |     6 |     5 ||    16
       Tomahawk          |       |       |       |     1 |    19 |    13 |     1 |       |       ||    34
       Throwing net      |       |       |       |       |       |       |       |       |     1 ||     1
 Cast: Magic Dart        |    88 |    38 |    76 |    25 |       |       |       |       |       ||   227
       Iskenderun's Myst |     1 |    22 |    54 |    26 |     1 |     7 |       |       |       ||   111
       Searing Ray       |       |     4 |     6 |     1 |     3 |       |       |       |       ||    14
       Blink             |       |     2 |     2 |    11 |     1 |       |       |       |       ||    16
       Fulminant Prism   |       |     1 |    38 |    61 |    22 |    11 |     6 |     8 |     3 ||   150
       Lee's Rapid Decon |       |       |     3 |    82 |    19 |    81 |    81 |    27 |    29 ||   322
       Regeneration      |       |       |     3 |     3 |     4 |     3 |       |     6 |     7 ||    26
       Irradiate         |       |       |       |     8 |    11 |     4 |       |    12 |    30 ||    65
       Summon Lightning  |       |       |       |    11 |    77 |    64 |    30 |    53 |     7 ||   242
       Fireball          |       |       |       |       |    88 |    60 |    41 |    78 |    27 ||   294
       Spellforged Servi |       |       |       |       |       |    64 |    28 |    18 |    11 ||   121
       Deflect Missiles  |       |       |       |       |       |       |     4 |       |       ||     4
       Shadow Creatures  |       |       |       |       |       |       |    21 |    52 |    49 ||   122
       Chain Lightning   |       |       |       |       |       |       |       |       |     1 ||     1
       Borgnjor's Revivi |       |       |       |       |       |       |       |       |     4 ||     4
Invok: Bend Time         |       |       |       |     1 |     1 |     1 |     1 |       |       ||     4
       Defer             |       |       |       |     2 |       |     5 |     8 |    12 |    13 ||    40
       Step From Time    |       |       |       |       |       |       |     1 |     2 |     2 ||     5
Evoke: Wand              |       |       |       |     1 |     5 |     2 |     4 |       |    24 ||    36
       Lamp of fire      |       |       |       |       |       |       |     2 |     3 |     2 ||     7
       Box of beasts     |       |       |       |       |       |       |       |       |     7 ||     7
       Sack of spiders   |       |       |       |       |       |       |       |       |     2 ||     2
  Use: Scroll            |     1 |     5 |     4 |     6 |    17 |     2 |     9 |    11 |     7 ||    62
       Potion            |       |     2 |     1 |     1 |     3 |     1 |       |    11 |    20 ||    39
 Stab: Sleeping          |       |       |     3 |       |       |     4 |     1 |     4 |       ||    12
       Distracted        |       |       |     1 |     1 |    12 |    13 |    16 |    22 |    16 ||    81
       Paralysed         |       |       |       |       |       |       |     1 |       |     4 ||     5
       Fleeing           |       |       |       |       |       |       |       |     2 |       ||     2
       Confused          |       |       |       |       |       |       |       |     6 |     1 ||     7
       Invisible         |       |       |       |       |       |       |       |       |     7 ||     7
  Eat: Chunk             |     5 |    10 |    27 |    31 |    39 |    20 |    48 |    28 |     5 ||   213
       Ration            |       |     1 |     1 |     5 |    10 |    11 |     1 |     7 |     9 ||    45
Armor: Animal skin       |     1 |     6 |       |       |       |       |       |       |       ||     7
       Skin              |       |     4 |       |       |       |       |       |       |       ||     4
       Robe              |       |     2 |    27 |    27 |       |       |       |       |       ||    56
       Plate armour      |       |       |       |    28 |   337 |    11 |   153 |       |       ||   529
       Leather armour    |       |       |       |       |     8 |    11 |       |       |       ||    19
       Acid dragon scale |       |       |       |       |       |    35 |       |       |       ||    35
       Storm dragon scal |       |       |       |       |       |       |    52 |   251 |   213 ||   516
Dodge: Dodged            |     2 |    30 |    96 |   164 |   429 |   258 |   330 |   551 |   429 ||  2289
       Deflected         |       |       |       |       |       |    52 |    88 |    38 |    32 ||   210
Block: Buckler           |       |       |       |       |       |       |   153 |       |       ||   153
       Medium shield     |       |       |       |       |       |       |    76 |   604 |   458 ||  1138

Levels and vault maps discovered:
D:1:      dpeg_arrival_court, layout_basic
D:2:      layout_loops_ring, lemuel_crystal_altar
D:3:      kennysheep_big_flooded_room, layout_loops_ring,
          overflow_temple_1_default, chequers_ecumenical_altar_simple,
          dk_noncrumbling_4
D:4:      layout_layer_cave, nicolae_yredelemnul_corpse_copse, fedhas_altar_3,
          gammafunk_ghost_split, uniq_robin, uniq_blork_the_orc
D:5:      layout_loops_ring, hangedman_ru_absence, temple_hall,
          gup_sewer_entry_pipe, first_ration, st_stairs_14,
          roderic_serpentine_path, uniq_grinder
D:6:      layout_rooms, riverfiend_overflow_shadow_ancestor,
          gammafunk_temple_overflow_wave, grunt_qazlal_clouds,
          kennysheep_doodads, uniq_eustachio
D:7:      layout_cave_pools, slow_altar_1, trog_ov_bears_minmay, uniq_duvessa
D:8:      layout_basic, dancing_weapons_uskayaw, erik_lair_island, serial_shops,
          shop, david_nohive_1, minmay_misc_feat_pillars,
          nicolae_figureground_sparkle, uniq_joseph
D:9:      layout_stronghold, lemuel_coloured_pillars_altar,
          minmay_fractal_squares_5, uniq_gastronok, uniq_erica
D:10:     layout_stronghold, david_orc_5, serial_bayou_crossing
D:11:     layout_basic, enter_bailey_5, uniq_sonja
D:12:     grunt_enter_depths_hoard, layout_gridville, david_vaults_1,
          nicolae_dithmenos_shadow_blocks
Temple:   nicolae_temple_figure_zero
Lair:1:   layout_small_grid, basic_altar, hangedman_lair_unloving_vines,
          lemuel_centaur_altar
Lair:2:   layout_long_grid, minmay_snake_entry_guardpost_small
Lair:3:   layout_gridlike, lightli_volcano_entry_magma_tube,
          nicolae_quartered_pool_little
Lair:4:   layout_gridlike, nicolae_spider_entry_non_spiders, beast_lair_carwin_6
Lair:5:   layout_layer_cave, uniq_josephine
Lair:6:   minmay_lair_end_enchanted_forest, layout_long_grid, slime_altar_2,
          portal_ice_cave_demonic_guard, columned_hall_lemuel, worms_lemuel
Snake:1:  gammafunk_the_bubble [the_bubble_gammafunk_roulette],
          layout_layer_cave, nicolae_snake_linked_coils, uniq_roxanne,
          uniq_aizul
Snake:2:  layout_grid_maze, gammafunk_ghost_grave
Snake:3:  johnstein_snake_rune_scales, layout_misc_corridors,
          ebering_ghost_disaster_area, spider_trap,
          nicolae_snake_snakes_in_the_grass
Spider:1: layout_chambers, hangedman_spider_tarantella_strand
Spider:2: layout_spider_delve, nicolae_spider_webbed_stairs, uniq_kirke
Spider:3: grunt_spider_rune_circles, uniq_louise
Slime:1:  layout_caves
Slime:2:  layout_caves
Slime:3:  nicolae_slime_pool, layout_caves
Slime:4:  layout_caves
Slime:5
Orc:      st_orc_mages, layout_caves, serial_shops, nicolae_shop_behind_doors
Elf:1:    eino_elf_arrival_shootout, layout_geoelf_grid, serial_shops, shop,
          minmay_elf_annihilation, minivault_23, minmay_shop_grove
Elf:2:    nicolae_elf_blades_splatter_lattice [nicolae_blade_tridents],
          layout_geoelf_grid, minmay_shoptagon, uniq_donald
Elf:3:    grunt_elf_hall_diamonds, layout_loops_corners
Vaults:1: nicolae_vaults_border_crossing, v_misc_26, v_misc_5,
          vaults_dpeg_diagonal, hangedman_vaults_capsules, v_misc_1,
          v_alt_pattern_1, layout_vaults_quadrants, serial_shops,
          nicolae_shop_crystal, shop
Vaults:2: minmay_crypt_entry_vampire_xt, st_quartered_hall,
          ontoclasm_vaults_shuriken, vaults_room_boxed, vaults_room_large_hall,
          v_misc_28, nicolae_vaults_network_square,
          nicolae_vaults_mini_display_case, nicolae_vaults_little_squares_2,
          ontoclasm_vaults_hangar, layout_vaults_omnicross, serial_shops, shop
Depths:1: layout_cave_pools, enter_ziggurat_b, pf_hell_entry_tar_river,
          chequers_jeans, minmay_serpent_palace
Depths:2: kennysheep_blocky_room, layout_gridlike, abyss_entry, hell_entry,
          kennysheep_cluttered_room, minmay_hedge_maze
Depths:3: lemuel_traditional_vault, layout_honeycomb, grunt_hell_entry_dis_mu,
          rand_demon_pan_entry_9, hangedman_decor_clover_reticule, st_stairs_14
Depths:4: onia_ninara_swampy_vault, layout_gridville,
          hangedman_abyss_entry_splay, lightli_too_deep, kennysheep_nondescript,
          serial_shops, nicolae_shop_temple_entry_statues_fountains, shop, shop,
          shop_fountains, minmay_fire_ice_demons
Depths:5: grunt_zot_entry_bicorn, layout_cave_shapes, abyss_entry_flame_altar,
          kennysheep_pointless_box, pf_coc_iceberg, hangedman_aviary,
          uniq_margery
Zot:1:    layout_onion, grunt_megastairs_4
Zot:2:    kennysheep_oblong_rooms, layout_cathedral_of_symmetry, st_stairs_9,
          amethyst_zot_foddershock
Zot:3:    layout_misc_corridors, door_vault, lemuel_elevator, uniq_xtahua
Zot:4:    layout_misc_corridors, zot_minivault_1
Zot:5:    layout_gridlike, st_stairs_5

Table legend:
 A = Turns spent in this place as a percentage of turns spent in the entire game.
 B = Non-inter-level travel turns spent in this place as a percentage of non-inter-level travel turns spent in the entire game.
 C = Inter-level travel turns spent in this place as a percentage of turns spent in this place.
 D = Turns resting spent in this place as a percentage of non-inter-level travel turns spent in this place.
 E = Turns spent auto-exploring this place as a percentage of non-inter-level travel turns spent in this place.
 F = Non-inter-level travel turns spent in this place divided by the number of levels of this place that you've seen.
                   A       B       C       D       E      F
               +-------+-------+-------+-------+-------+----------------------
         Total | 100.0 | 100.0 |  11.0 |  26.7 |  51.6 | 1207.2
       Dungeon |  25.5 |  24.1 |  15.9 |  19.0 |  60.2 | 1187.4
        Temple |   0.2 |   0.2 |   0.0 |   0.0 |  90.4 | 136.0
          Lair |  13.5 |  12.7 |  16.8 |  14.6 |  68.4 | 1248.8
     Snake Pit |  10.8 |  11.8 |   2.9 |  36.7 |  45.9 | 2317.3
   Spider Nest |   8.4 |   8.4 |  10.5 |  35.0 |  48.7 | 1660.7
    Slime Pits |   2.3 |   2.5 |   6.1 |  28.5 |  22.9 | 293.0
  Orcish Mines |   2.5 |   2.3 |  19.6 |  25.0 |  62.4 | 1362.0
   Elven Halls |   6.3 |   6.0 |  15.8 |   9.7 |  67.9 | 1180.0
        Vaults |   6.1 |   6.2 |   9.4 |  16.4 |  63.3 | 1848.5
        Depths |  13.8 |  14.2 |   8.4 |  26.1 |  49.2 | 1678.6
           Zot |   6.8 |   7.5 |   1.8 |  63.5 |   5.5 | 891.6
         Sewer |   1.6 |   1.8 |   0.0 |  28.1 |  47.4 | 1054.0
        Bailey |   0.5 |   0.5 |   0.0 |  49.8 |  21.4 | 309.0
      Ice Cave |   1.6 |   1.8 |   0.0 |  50.7 |  20.2 | 1063.0
               +-------+-------+-------+-------+-------+----------------------

Table legend:
 A = Kills in this place as a percentage of kills in entire the game.
 B = Kills by you in this place as a percentage of kills by you in the entire game.
 C = Kills by friends in this place as a percentage of kills by friends in the entire game.
 D = Other kills in this place as a percentage of other kills in the entire game.
 E = Experience gained in this place as a percentage of experience gained in the entire game.
 F = Experience gained in this place divided by the number of levels of this place that you have seen.
                   A       B       C       D       E      F
               +-------+-------+-------+-------+-------+----------------------
         Total | 100.0 | 100.0 | 100.0 | 100.0 | 100.0 | 28597.7
       Dungeon |  18.0 |  21.8 |   5.2 |  25.0 |   4.9 | 5745.2
          Lair |   9.4 |   9.2 |  10.5 |   0.0 |   3.4 | 7923.2
     Snake Pit |  10.5 |   7.6 |  20.5 |   0.0 |   8.5 | 39576.7
   Spider Nest |   8.0 |   6.5 |  12.9 |  12.5 |   5.4 | 25301.0
    Slime Pits |   6.9 |   7.9 |   3.5 |  12.5 |   6.3 | 17549.0
  Orcish Mines |   3.0 |   3.3 |   2.0 |   0.0 |   0.4 | 5816.0
   Elven Halls |   7.5 |   7.5 |   7.4 |  12.5 |   9.1 | 42381.7
        Vaults |   7.5 |   6.8 |  10.0 |   0.0 |   8.0 | 55757.5
        Depths |  17.5 |  17.3 |  18.1 |  25.0 |  27.0 | 75641.8
           Zot |   7.4 |   7.8 |   5.9 |  12.5 |  26.5 | 74281.4
         Sewer |   1.4 |   1.8 |   0.0 |   0.0 |   0.1 | 796.0
        Bailey |   1.6 |   1.6 |   1.5 |   0.0 |   0.1 | 1815.0
      Ice Cave |   1.2 |   0.8 |   2.6 |   0.0 |   0.4 | 5726.0
               +-------+-------+-------+-------+-------+----------------------
